 Dungeon Crawl Stone Soup version 0.28-a0-384-g9e0c098162 (webtiles) character file.

Game seed: 1909305767779078623

4841 robertstho the Thaumaturge (level 10, -19/70 HPs)
             Began as a Djinni Fire Elementalist on Sept 2, 2021.
             Demolished by Jorgrun (22 damage)
             ... on level 12 of the Dungeon.
             The game lasted 00:16:06 (12005 turns).

robertstho the Thaumaturge (DjFE)                  Turns: 12005, Time: 00:16:06

Health: -19/70     AC: 11    Str:  7    XL:     10   Next: 78%
Gold:   594        EV: 12    Int: 19    God:
                   SH:  3    Dex: 15

rFire   + + +      SeeInvis .   k - +1 double sword
rCold   . . .      Faith    .   z - +0 buckler
rNeg    + . .      Spirit   .   A - +0 steam dragon scales
rPois   ∞          Reflect  .   r - -2 hat of the Alchemist {rElec rPois rF+ rC+ rN+ Will+ rMut rCorr}
rElec   +          Harm     .   (no cloak)
rCorr   +          Rampage  .   (no gloves)
rMut    +                       (boots unavailable)
Will    ++...                   (no amulet)
Stlth   ++........              i - +4 ring of protection
HPRegen 0.21/turn               v - +4 ring of protection
MPRegen 0.00/turn

@: flying
A: sickness immunity, fire resistance 2, cold vulnerability 1, float, innate
caster, hp casting, extra vitality 1
a: no special abilities


You were on level 12 of the Dungeon.
You visited 2 branches of the dungeon, and saw 11 of its levels.

You collected 594 gold pieces.

Inventory:

Hand Weapons
 h - a +2 hand axe of flaming
 k - a +1 double sword (weapon)
Missiles
 E - 2 throwing nets
Armour
 r - the -2 hat of the Alchemist (worn) {rElec rPois rF+ rC+ rN+ Will+ rMut rCorr}
   (You found it on level 4 of the Dungeon)

   rF:        It protects you from fire.
   rC:        It protects you from cold.
   rElec:     It insulates you from electricity.
   rPois:     It protects you from poison.
   rN:        It protects you from negative energy.
   rCorr:     It protects you from acid and corrosion.
   rMut:      It protects you from mutation.
   Will:      It increases your willpower.
 z - a +0 buckler (worn)
 A - +0 steam dragon scales (worn)
Jewellery
 i - a +4 ring of protection (left hand)
 v - a +4 ring of protection (right hand)
 w - a ring of ice
Wands
 g - a wand of mindburst (10)
 n - a wand of polymorph (10)
 u - a wand of iceblast (8)
 y - a wand of digging (9)
 B - a wand of acid (8)
Scrolls
 a - a scroll of silence {unknown}
 b - 3 scrolls of enchant weapon
 e - a scroll of fog {unknown}
 f - a scroll of enchant armour {unknown}
 l - 5 scrolls of magic mapping
 o - 2 scrolls of amnesia {unknown}
 p - 2 scrolls of vulnerability {unknown}
 s - a scroll of summoning
 t - 2 scrolls of blinking {unknown}
 C - 2 scrolls of teleportation
Potions
 c - a potion of resistance
 j - a potion of degeneration {unknown}
 m - a potion of lignification {unknown}
 q - 3 potions of haste {unknown}
 x - a potion of might
 D - a potion of curing


   Skills:
 * Level 5.3 Fighting
 + Level 0.4 Long Blades
 + Level 2.7 Dodging
 + Level 3.1 Stealth
 * Level 10.7 Spellcasting


You had 2 spell levels left.
You knew the following spells:

 Your Spells              Type           Power      Damage    Failure   Level
a - Foxfire               Conj/Fire      100%       2x1d9     1%          1
b - Scorch                Fire           100%       2d10      1%          2
c - Conjure Flame         Conj/Fire      50%        6-21      1%          3
d - Inner Flame           Hex/Fire       50%        N/A       1%          3
e - Sticky Flame          Conj/Fire      50%        2d7       1%          4
f - Fireball              Conj/Fire      25%        3d11      3%          5
g - Sting                 Tmut/Pois      100%       1d8       1%          1
h - Wereblood             Tmut           50%        N/A       1%          2
i - Spider Form           Tmut/Pois      25%        N/A       1%          3
j - Fulminant Prism       Conj/Hex       25%        3d14      1%          4
Your spell library was empty.

Dungeon Overview and Level Annotations

Branches:
Dungeon (9/15)             Temple (1/1) D:5
   Lair: D:8-11         Orc: D:9-12

Altars:
Ashenzari
Cheibriados
Dithmenos
Elyvilon
Kikubaaqudgha
Makhleb
Nemelex Xobeh
Okawaru
Ru
Trog
Uskayaw
Vehumet
Wu Jian
Xom
Yredelemnul
Zin
The Shining One

Annotations:
D:3 3 runed translucent doors, voltaire321's ghost, amateur GrEE
D:12 Jorgrun


Innate Abilities, Weirdness & Mutations

You are immune to sickness and miasma.
You are immune to poison.
Your flesh is very heat resistant. (rF++)
You are vulnerable to cold. (rC-)
You float through the air rather than walking.
You learn spells naturally, not from books.
Your magical power is your life essence.
You have superior vitality. (+4 HP)


Message History

The sticky flame hits Jorgrun.
Jorgrun is lightly wounded.
Jorgrun is covered in liquid flames!
Jorgrun burns!
Jorgrun casts a spell at you.
You easily resist.
Casting: Sticky Flame (dangerous; 1% risk of failure)
Confirm with . or Enter, or press ? or * to list all spells.
Flames lash Jorgrun.
Jorgrun is lightly wounded.
Jorgrun's fire resistance burns away.
Jorgrun burns!
Jorgrun hits you with a staff of earth! Jorgrun shatters you!!
Casting: Scorch (safe; 1% risk of failure)
Confirm with . or Enter, or press ? or * to list all spells.
Flames lash Jorgrun.
Jorgrun is burned terribly!
Jorgrun is moderately wounded.
Jorgrun burns!
Jorgrun hits you but does no damage.
Casting: Scorch (safe; 1% risk of failure)
Confirm with . or Enter, or press ? or * to list all spells.
Flames lash Jorgrun.
Jorgrun is burned terribly!
Jorgrun is moderately wounded.
Jorgrun burns!
Jorgrun hits you with a staff of earth! Jorgrun shatters you.
Casting: Scorch (safe; 1% risk of failure)
Confirm with . or Enter, or press ? or * to list all spells.
Flames lash Jorgrun.
Jorgrun is burned terribly!
Jorgrun is heavily wounded.
Jorgrun burns!
A two-headed ogre comes into view. It is wielding two +0 giant clubs.
Jorgrun gestures at you while chanting.
You easily resist.
Casting: Scorch (safe; 1% risk of failure)
Confirm with . or Enter, or press ? or * to list all spells.
Flames lash Jorgrun.
Jorgrun is burned terribly!
Jorgrun is severely wounded.
Jorgrun burns!
Jorgrun stops burning.
Jorgrun hits you with a staff of earth!
* * * LOW HITPOINT WARNING * * *
Unknown command.
You feel better. Jorgrun hits you with a staff of earth!
* * * LOW HITPOINT WARNING * * *
Jorgrun shatters you!!
You die...

.##.......##
#..........#
#.O........#
#..........#
...?.......#
...........#
#.....g....#
#......@...+
#..........#
############


You could see Jorgrun (inflammable) and a two-headed ogre.

Vanquished Creatures
  Harold (D:9)
  A hydra (D:8)
  Pikel (D:4)
  A troll (D:7)
  2 steam dragons (D:7)
  2 sky beasts
  2 ogres
  2 black bears
  3 orc warriors
  2 phantoms
  3 kobold brigands
  A lemure (D:4)
  Blork the orc (D:4)
  4 bullfrogs
  A gnoll sergeant (D:8)
  A scorpion (D:7)
  A wyvern skeleton (D:6)
  A water moccasin skeleton (D:6)
  A howler monkey (D:9)
  2 centaur zombies (D:5)
  2 jellies
  A bullfrog zombie (D:5)
  2 hounds
  2 orc priests
  A centaur skeleton (D:7)
  2 gnoll shamans
  3 orc wizards
  A hound skeleton (D:5)
  Robin (D:2)
  A howler monkey zombie (D:7)
  12 gnolls
  6 adders
  5 worms
  27 orcs
  15 endoplasms
  5 giant cockroaches
  14 goblins
  14 hobgoblins
  10 jackals
  38 kobolds
  2 quokkas (D:1)
  6 ball pythons
  2 bats
  3 frilled lizards
  3 rats
211 creatures vanquished.

Vanquished Creatures (others)
  159 foxfires
  A fungus (D:5)
  5 plants
  15 toadstools
180 creatures vanquished.

Grand Total: 391 creatures vanquished

Notes
Turn   | Place    | Note
-------+----------+-------------------------------------------
     0 | D:1      | robertstho the Djinni Fire Elementalist began the quest for
                  | the Orb.
     0 | D:1      | Reached XP level 1. HP: 15/15 MP: 0/0
   311 | D:1      | Reached XP level 2. HP: 20/21 MP: 0/0
   600 | D:1      | Found a faded altar of an unknown god.
   981 | D:1      | Reached skill level 3 in Spellcasting
  1096 | D:1      | Reached XP level 3. HP: 21/26 MP: 0/0
  1096 | D:1      | Learned a level 1 spell: Sting
  1906 | D:2      | Noticed Robin
  1914 | D:2      | Reached skill level 1 in Fighting
  1915 | D:2      | Reached XP level 4. HP: 14/32 MP: 0/0
  1918 | D:2      | Killed Robin
  2552 | D:2      | Reached XP level 5. HP: 23/37 MP: 0/0
  2552 | D:2      | Learned a level 2 spell: Wereblood
  3278 | D:2      | Reached skill level 4 in Spellcasting
  3874 | D:3      | Noticed a phantom
  3879 | D:3      | Killed a phantom
  3880 | D:3      | Reached XP level 6. HP: 36/43 MP: 0/0
  4011 | D:3      | Found a runed translucent gate.
  4011 | D:3      | Found a runed translucent gate.
  4011 | D:3      | Found a runed translucent gate.
  4012 | D:3      | Noticed voltaire321's ghost (amateur GrEE)
  4703 | D:4      | Noticed Pikel
  4716 | D:4      | Killed Pikel
  4717 | D:4      | Reached skill level 6 in Spellcasting
  4717 | D:4      | Reached XP level 7. HP: 34/49 MP: 0/0
  4717 | D:4      | Learned a level 3 spell: Spider Form
  4717 | D:4      | Reached XP level 8. HP: 38/55 MP: 0/0
  4936 | D:4      | Noticed Blork the orc
  4941 | D:4      | Killed Blork the orc
  5071 | D:4      | Found the -2 hat of the Alchemist {rElec rPois rF+ rC+ rN+
                  | Will+ rMut rCorr}
  5633 | D:5      | Entered Level 5 of the Dungeon
  5858 | D:5      | Reached skill level 7 in Spellcasting
  6032 | D:5      | Found a staircase to the Ecumenical Temple.
  6490 | Temple   | Entered the Ecumenical Temple
  7282 | D:6      | Reached XP level 9. HP: 58/62 MP: 0/0
  7282 | D:6      | Learned a level 4 spell: Fulminant Prism
  8031 | D:7      | Reached skill level 8 in Spellcasting
  8534 | D:7      | Noticed a troll
  8541 | D:7      | Killed a troll
  8542 | D:7      | Reached skill level 9 in Spellcasting
  8730 | D:7      | Found a shadowy altar of Dithmenos.
  8984 | D:8      | Found a burning altar of Makhleb.
  8989 | D:8      | Reached XP level 10. HP: 61/69 MP: 0/0
  8990 | D:8      | Found a hide-covered altar of Uskayaw.
  9124 | D:8      | Noticed a five-headed hydra
  9131 | D:8      | Killed a five-headed hydra
  9132 | D:8      | Reached skill level 5 in Fighting
  9223 | D:8      | Reached skill level 10 in Spellcasting
  9238 | D:8      | HP: 2/70 [something (8)]
 10512 | D:8      | Found a broken altar of Ashenzari.
 11301 | D:9      | Noticed Harold
 11537 | D:9      | Killed Harold
 11880 | D:9      | Found a glowing silver altar of Zin.
 11998 | D:9      | You are sucked into a shaft and drop 3 floors!
 11998 | D:12     | Noticed Jorgrun
 12003 | D:12     | Noticed a two-headed ogre
 12005 | D:12     | HP: 3/70 [Jorgrun (12)]
 12005 | D:12     | Demolished by Jorgrun

Illustrated notes

Levels and vault maps discovered:
D:1:      eino_arrival_cavern_a, layout_rooms, basic_ecumenical_altar
D:2:      cheibrodos_fertilizer, layout_loops_ring, roderic_lattice_a,
          uniq_robin
D:3:      layout_loops_ring, gammafunk_ghost_split, minmay_misc_feat_chi
D:4:      layout_loops_cross, nicolae_vehumet_altar_sigil, serial_bayou_ford_a,
          uniq_blork_the_orc, uniq_pikel
D:5:      layout_loops_ring, minmay_temple_entry_large_hall,
          minmay_gold_behind_fungi
D:6:      layout_loops_ring
D:7:      layout_rooms, kennysheep_mini
D:8:      corexii_shantytown, layout_cave_pods,
          mainiacjoe_overflow_tiny_flanked, jmf_multi_god_temple,
          grunt_decor_junction
D:9:      layout_irregular_city, nicolae_overflow_crystal_walls, erik_orc_1,
          nicolae_shop_firing_range, uniq_grum, uniq_harold
D:12:     layout_roguey, yredelemnul_altar_generic, uniq_jorgrun
Temple:   grunt_temple_mini_profane

Skill      XL: |  1  2  3  4  5  6  7  8  9 10 |
---------------+-------------------------------+-----
Spellcasting   | 3 4 6 7 9 10 | 10.7
Fighting       | 1 2 3 4 5 |  5.3
Stealth        | 2 3 |  3.1
Long Blades    | |  0.4
Dodging        | |  2.7

Action                   |  1- 3 |  4- 6 |  7- 9 | 10-12 || total
-------------------------+-------+-------+-------+-------++-------
Melee: Double sword      |       |     4 |     3 |     3 ||    10
 Cast: Foxfire           |    87 |     6 |     5 |       ||    98
       Scorch            |     2 |    79 |    89 |    15 ||   185
       Sticky Flame      |       |     1 |       |     3 ||     4
       Fireball          |       |       |    15 |    64 ||    79
  Use: Scroll            |     2 |     1 |     3 |     4 ||    10
       Potion            |       |       |     3 |     2 ||     5
Armor: Robe              |     1 |     5 |     5 |       ||    11
       Steam dragon scal |       |       |       |     7 ||     7
Dodge: Dodged            |     6 |    14 |    15 |     8 ||    43
Block: Buckler           |       |       |       |     1 ||     1

Table legend: (Time is in decaauts)
 A = Elapsed time spent in this place.
 B = Non-inter-level travel time spent in this place.
 C = Inter-level travel time spent in this place.
 D = Time resting spent in this place.
 E = Time spent auto-exploring this place.
 F = Levels seen in this place.
 G = Mean time per level.
                   A        B        C        D        E       F      G
               +--------+--------+--------+--------+--------+-----+--------+
         Total |  12011 |  11448 |    563 |   1399 |   8914 |  11 | 1091.9 |
       Dungeon |  11799 |  11274 |    525 |   1399 |   8741 |  10 | 1179.9 |
        Temple |    211 |    173 |     38 |      0 |    173 |   1 |  211.0 |
               +--------+--------+--------+--------+--------+-----+--------+

Top non-repeatable levels by time:
     D:7: 1893 daAuts
     D:2: 1856 daAuts
     D:1: 1671 daAuts
     D:8: 1549 daAuts
     D:5: 1142 daAuts
     D:3: 1115 daAuts
     D:4: 989 daAuts
     D:6: 904 daAuts
     D:9: 670 daAuts
  Temple: 211 daAuts
    D:12: 6 daAuts
